 Dungeon Crawl Stone Soup version 0.32-a0-918-g0f22ef8d61 (webtiles) character file.

Game seed: 14960988365700380682

93 ezpacito the Chopper (level 4, -17/35 HPs)
             Began as a Coglin Chaos Knight on Apr 11, 2024.
             Was a Plaything of Xom.
             Demolished by Crazy Yiuf
             ... wielding a +3 quarterstaff of chaos
              (22 damage)
             ... on level 3 of the Dungeon.
             The game lasted 00:01:19 (1682 turns).

ezpacito the Chopper (Coglin Chaos Knight)          Turns: 1682, Time: 00:01:19

Health: -17/35     AC:  5    Str: 17    XL:     4   Next: 62%
Magic:  5/5        EV: 11    Int: 10    God:    Xom [.....*]
Gold:   204        SH:  0    Dex: 16    Spells: 4/4 levels left

rFire   . . .        a - +0 hand axe (chaos) {Udom}
rCold   . . .        d - +0 dagger {Diego}
rNeg    . . .        b - +2 leather armour
rPois   .            (no helmet)
rElec   .            (no cloak)
rCorr   .            (no gloves)
SInv    .            (no boots)
Will    +....        (amulet unavailable)
Stlth   ++           (ring unavailable)
HPRegen 0.25/turn    (ring unavailable)
MPRegen 0.09/turn    (no gizmo)

%: clarity
@: fragile (+50% incoming damage), revved
A: off-hand wielding, slow wielding, warmup strikes, no jewellery, agile 1,
clarity, strong-willed 1, strong 1
a: Invent Gizmo, Renounce Religion


You were on level 3 of the Dungeon.
You worshipped Xom.
You were Xom's teddy bear.
You visited 1 branch of the dungeon, and saw 3 of its levels.

You collected 204 gold pieces.

Inventory:

Hand Weapons
 a - a +0 hand axe of chaos (weapon) {Udom}
 d - a +0 dagger (offhand) {Diego}
Missiles
 p - 5 atropa-tipped darts (quivered)
Armour
 b - a +2 leather armour (worn)
 e - a +0 cloak
Magical Staves
 s - a staff of conjuration
Talismans
 q - a beast talisman
Scrolls
 c - a scroll of butterflies
 h - a scroll of fear {unknown}
 j - 3 scrolls of amnesia {unknown}
 k - a scroll of teleportation {unknown}
 n - a scroll of identify {unknown}
 o - a scroll of summoning {unknown}
Potions
 f - a potion of ambrosia {unknown}
 g - a potion of enlightenment {unknown}
 i - 3 potions of curing {unknown}
 l - a potion of resistance {unknown}
 m - 2 potions of attraction {unknown}
 r - a potion of brilliance {unknown}
 t - a potion of heal wounds {unknown}


   Skills:
 * Level 3.3 Fighting
 * Level 3.3(3.5) Axes
 * Level 1.2(2.3) Polearms
 * Level 2.3 Armour
 * Level 1.7 Dodging
 + Level 1.1 Stealth
 + Level 0.7 Spellcasting


You had 4 spell levels left.
You didn't know any spells.
Your spell library was empty.

Dungeon Overview and Level Annotations

Branches:
Dungeon (3/15)

Altars:

Shops:
D:3 [

Annotations:
D:3 Crazy Yiuf


Innate Abilities, Weirdness & Mutations

You can wield a second weapon in your off-hand.
It takes a long time for you to wield or remove held weapons.
Your first few attacks do less damage.
You cannot equip rings or amulets.
You are agile. (Dex +4, Str/Int -1)
You possess an exceptional clarity of mind.
You are strong-willed. (Will+)
Your muscles are strong. (Str +4, Int/Dex -1)


Message History

Your butterfly disappears in a puff of smoke!
Your butterfly disappears in a puff of smoke!
Your butterfly disappears in a puff of smoke!
Search for what [Enter for "talis", or ? for help]?
Okay, then.
Could not explore, unopened runed door.
You open the door.
Crazy Yiuf shouts!
Crazy Yiuf screams, "Powder foot agre!"
There is an open translucent door here.
You hit Crazy Yiuf but do no damage.
You slash Crazy Yiuf with your +0 hand axe of chaos!
You drain Crazy Yiuf.
Crazy Yiuf says, "Ice broken down!"
Crazy Yiuf closely misses you.
You completely miss Crazy Yiuf with your +0 dagger.
Crazy Yiuf is heavily wounded.
You hit Crazy Yiuf with your +0 hand axe of chaos.
Crazy Yiuf seems to grow stronger.
Xom is highly amused!
Crazy Yiuf hits you with a +3 quarterstaff of chaos!
Your body becomes as fragile as glass!
You take 7 damage, and have 28/35 hp.
You hit Crazy Yiuf but do no damage.
Crazy Yiuf is almost dead.
You closely miss Crazy Yiuf with your +0 hand axe of chaos.
Crazy Yiuf says, "The present is the child, and the necessary child, of all the past, and the mother of all the future."
Crazy Yiuf hits you with a +3 quarterstaff of chaos!
Ouch! That really hurt!
* * * LOW HITPOINT WARNING * * *
A shower of butterflies erupts from you!
You take 24 damage, and have 4/35 hp.
MASSIVE DAMAGE!!
You are too injured to fight recklessly!
You barely miss Crazy Yiuf with your +0 hand axe of chaos.
Crazy Yiuf is almost dead.
You hit Crazy Yiuf but do no damage.
Crazy Yiuf hits you with a +3 quarterstaff of chaos!
Ouch! That really hurt!
You die...
Xom titters!

#..### #....#
#.......###.
#....# ♣....♣
##.....###..
#....# ♣...♣♣
#....## #..
#....# ♣♣.♣♣
##.#..####..
#.†..# ♣.♣♣
#...........
#.#### ♣♣.♣
#..#........ #.#
♣.♣♣ #...........
#.# ♣♣b♣
#.........÷. #.#
#@# #...........
#.# #bg.#
#........... #.#
#b.b#
#.##........ #.#
#÷.)#
#.##........
####.#### #####
#.##.#....).
#.......#
#.##.##..#..
#.......##
######....###..##
#........#
###...##....#
##.## #(.......#
#...........##
#...


You could see Crazy Yiuf (strong, very drained, ally target).

Vanquished Creatures
  5 adders
  2 dart slugs
  A ball python (D:2)
  2 bats (D:1)
  2 endoplasms
  6 giant cockroaches
  4 goblins
  4 hobgoblins
  5 kobolds
  2 quokkas
  4 frilled lizards
  3 rats (D:3)
40 creatures vanquished.

Notes
Turn   | Place    | Note
-------+----------+-------------------------------------------
     0 | D:1      | ezpacito the Coglin Chaos Knight began the quest for the
                  | Orb.
     0 | D:1      | Reached XP level 1. HP: 18/18 MP: 1/1
   108 | D:1      | Reached skill level 1 in Dodging
   144 | D:1      | Reached XP level 2. HP: 24/24 MP: 2/2
   289 | D:1      | XOM: silly message
   643 | D:2      | Reached XP level 3. HP: 29/29 MP: 3/3
  1122 | D:3      | Found Aquoq's Antique Armour Shop.
  1155 | D:3      | Reached skill level 1 in Stealth
  1174 | D:3      | Reached XP level 4. HP: 30/35 MP: 4/4
  1221 | D:3      | Reached skill level 1 in Polearms
  1276 | D:3      | Found a runed translucent door.
  1277 | D:3      | Noticed Crazy Yiuf
  1571 | D:3      | XOM: give mutations
  1571 | D:3      | Gained mutation: You are strong-willed. (Will+) [Xom's
                  | grace]
  1571 | D:3      | Gained mutation: Your muscles are strong. (Str +4, Int/Dex
                  | -1) [Xom's grace]
  1571 | D:3      | Gained mutation: You possess an exceptional clarity of
                  | mind. [Xom's grace]
  1571 | D:3      | Gained mutation: You are agile. (Dex +4, Str/Int -1) [Xom's
                  | grace]
  1617 | D:3      | XOM: scenery: summon butterflies
  1681 | D:3      | XOM: butterfly on damage
  1682 | D:3      | Demolished by Crazy Yiuf

Illustrated notes

Levels and vault maps discovered:
D:1:      kilobyte_arrival_exit_the_forest, layout_rooms,
          hangedman_decor_growths
D:2:      layout_basic, hangedman_abyss_or_decor_lesser_grid
D:3:      layout_rooms, serial_shops, shop, uniq_crazy_yiuf_cottage

Skill      XL: |  1  2  3  4 |
---------------+-------------+-----
Dodging        | 1 |  1.7
Armour         | 2 |  2.3
Stealth        | 1 |  1.1
Polearms       | 1 |  1.2
Fighting       | |  3.3
Axes           | |  3.3
Spellcasting   | |  0.7

Action                     |  1- 3 |  4- 6 || total
---------------------------+-------+-------++-------
  Melee: Hand axe          |    53 |    34 ||    87
         Dagger            |    47 |    36 ||    83
   Stab: Paralysed         |     1 |       ||     1
         Sleeping          |     1 |       ||     1
         Distracted        |       |     1 ||     1
 Armour: Leather armour    |    28 |    17 ||    45
  Dodge: Dodged            |    32 |    17 ||    49

Table legend: (Time is in decaauts)
 A = Elapsed time spent in this place.
 B = Non-inter-level travel time spent in this place.
 C = Inter-level travel time spent in this place.
 D = Time resting spent in this place.
 E = Time spent auto-exploring this place.
 F = Levels seen in this place.
 G = Mean time per level.
                   A        B        C        D        E       F      G
               +--------+--------+--------+--------+--------+-----+--------+
         Total |   1694 |   1637 |     57 |      0 |   1361 |   3 |  564.7 |
       Dungeon |   1694 |   1637 |     57 |      0 |   1361 |   3 |  564.7 |
               +--------+--------+--------+--------+--------+-----+--------+

Top non-repeatable levels by time:
     D:1: 638 daAuts
     D:3: 608 daAuts
     D:2: 448 daAuts
